Map: 트라이튼 - 래더

Players

Clem - Winner!

  • Race: Terran Terran
  • League: Master
  • Spawn Location: 5:00

Bunny

  • Race: Terran Terran
  • Spawn Location: 11:00

Event: HomeStory Cup XX

VOD

Have the link to the VOD?

Description

Time

  • Played on: Nov. 22, 2019, 8:44 a.m.
  • Length: 8:33

All games in this series

Show
View Real Time Build Order
Export as new Build Order

Clem Terran - Winner!

Build Orders: 1/1/1, Mech 

Get SALT Encoding   

  12  0:00  SCV  
  13  0:12  SCV  
  14  0:16  Supply Depot  
  14  0:24  SCV  
  15  0:30  Refinery  
  15  0:38  SCV  
  16  0:45  Barracks  
  16  0:50  SCV  
  16  0:54  Refinery  
  17  1:02  SCV  
  18  1:14  SCV  
  19  1:31  Orbital Command  
  19  1:32  Barracks Reactor  
  19  1:34  Factory  
  19  1:43  Supply Depot  
  19  1:57  SCV  
  20  2:09  Reaper x2  
  20  2:10  SCV  
  23  2:18  Hellion  
  25  2:23  Starport, SCV  
  26  2:35  Supply Depot, SCV  
  27  2:41  Reaper x2  
  27  2:42  Hellion  
  31  2:57  SCV  
  32  3:00  Medivac  
  34  3:06  Hellion  
  34  3:22  Reaper x2  
  36  3:27  Command Center  
  36  3:32  SCV  
  36  3:36  Starport Tech Lab  
  36  3:42  Supply Depot  
  36  3:46  Factory Tech Lab  
  36  3:50  SCV  
  36  3:55  Raven  
  39  3:59  Refinery  
  39  4:04  Marine x2, SCV  
  42  4:15  Siege Tank  
  45  4:19  SCV  
  43  4:29  Marine x2  
  39  4:31  SCV  
  38  4:40  Orbital Command  
  38  4:43  SCV  
  37  4:47  Marine x2  
  37  4:48  Raven  
  41  4:56  SCV  
  42  5:05  SCV  
  43  5:09  SCV  
  43  5:12  Command Center  
  44  5:18  SCV  
  44  5:21  SCV  
  46  5:30  SCV  
  46  5:31  Siege Tank  
  50  5:39  SCV  
  50  5:42  SCV  
  53  5:43  Supply Depot  
  53  5:47  Refinery  
  52  5:52  Factory, Barracks Reactor, SCV  
  52  5:54  Factory, SCV  
  54  5:59  Viking  
  54  6:03  Viking  
  58  6:07  SCV  
  58  6:10  Siege Tank  
  62  6:14  Supply Depot  
  62  6:20  SCV x2  
  64  6:26  Orbital Command  
  64  6:33  Viking  
  64  6:38  Siege Tank  
  69  6:40  SCV  
  69  6:41  SCV  
  69  6:45  Viking  
  73  6:50  Siege Tank  
  73  6:54  Hellion  
  78  6:55  Hellion  
  78  7:01  Orbital Command  
  80  7:03  Viking  
  80  7:07  Supply Depot, SCV x2  
  84  7:11  Siege Tank  
  87  7:16  Viking, Supply Depot  
  87  7:21  Hellion  
  93  7:22  Hellion  
  93  7:28  Siege Tank  
  96  7:31  SCV x2  
  96  7:32  SCV  
  96  7:42  Supply Depot  
  98  7:44  Hellion  
  98  7:45  Viking  
  98  7:49  SCV x2  
  98  7:51  SCV  
  106  7:58  Hellion  
  106  7:59  Viking  
  106  8:01  SCV x2  
  107  8:10  Hellion  
  107  8:12  Refinery, Supply Depot, SCV  
  107  8:13  Refinery, SCV x2  
Show
View Real Time Build Order
Export as new Build Order

Bunny Terran 

Build Orders: Mech 

Get SALT Encoding   

  12  0:01  SCV  
  13  0:13  SCV  
  14  0:17  Supply Depot  
  14  0:25  SCV  
  14  0:27  Refinery  
  15  0:38  SCV  
  16  0:44  Barracks  
  16  0:50  SCV  
  17  1:02  SCV  
  18  1:15  SCV  
  19  1:31  Orbital Command  
  19  1:32  Reaper  
  20  1:45  Bunker  
  20  1:47  Bunker  
  20  1:49  Factory  
  20  1:55  Supply Depot  
  20  1:56  SCV  
  21  2:03  Marine  
  22  2:09  SCV  
  23  2:21  Marine, SCV  
  25  2:33  Hellion, SCV  
  28  2:39  Marine  
  29  2:46  Command Center  
  29  2:52  Supply Depot  
  29  2:53  SCV  
  29  2:57  Factory Tech Lab  
  30  3:06  Starport, Refinery  
  30  3:09  Marine  
  30  3:13  SCV  
  30  3:23  Cyclone  
  30  3:25  SCV  
  34  3:30  Barracks Reactor  
  34  3:32  Supply Depot  
  33  3:37  SCV  
  33  3:43  Viking  
  35  3:49  SCV  
  36  4:02  Orbital Command  
  36  4:04  Bunker  
  36  4:06  Marine x2  
  36  4:08  Siege Tank  
  40  4:13  SCV  
  37  4:24  Marine  
  30  4:31  SCV  
  30  4:36  Orbital Command  
  31  4:43  SCV  
  32  4:56  SCV  
  32  4:59  Command Center  
  33  5:01  SCV  
  34  5:08  SCV  
  34  5:13  SCV  
  36  5:15  Marine x2  
  36  5:16  Raven  
  36  5:20  SCV  
  41  5:22  Factory Tech Lab  
  41  5:25  SCV  
  41  5:27  Refinery  
  42  5:32  SCV  
  42  5:34  Marine x2  
  45  5:37  SCV  
  46  5:44  Siege Tank  
  46  5:45  SCV  
  46  5:47  Refinery  
  51  5:50  SCV  
  51  5:57  SCV  
  51  6:02  SCV  
  53  6:10  SCV  
  54  6:12  Orbital Command  
  54  6:13  Bunker  
  54  6:14  Viking, SCV  
  54  6:15  Viking  
  59  6:22  Siege Tank, SCV  
  59  6:24  Marine  
  64  6:26  SCV  
  65  6:34  SCV  
  65  6:38  SCV x2  
  68  6:44  Viking x2  
  72  6:47  SCV  
  72  6:50  SCV x2  
  75  6:57  Supply Depot  
  75  7:12  Factory  
  75  7:13  Engineering Bay  
  75  7:14  Factory  
  75  7:19  Siege Tank  
  75  7:21  Supply Depot, Barracks Reactor  
  75  7:22  Supply Depot, Orbital Command  
  78  7:23  Viking  
  78  7:26  SCV  
  78  7:27  SCV  
  78  7:29  Viking  
  84  7:39  SCV x2  
  85  7:51  Siege Tank, SCV  
  85  7:52  SCV x2  
  85  7:53  Viking  
  87  7:59  Viking  
  78  8:11  SCV x2  
  75  8:13  Command Center  
Tags
 
Composition
MechMech
League
Master
Matchup
TvT
Opening
1/1/1
Player
BunnyClem
Race
Terran
Spawn Locations
Cross Positions
Add a new tag
Caveats
  • Supply blocks, unpowered buildings, or Contaminate may cause inaccurate times.
  • Supply counts are checked every 10 seconds.